 Dungeon Crawl Stone Soup version 0.23-a0-622-g59b4ea9c50 (webtiles) character file.

9195 EnegeticOcto the Cruncher (level 11, -1/92 HPs)
             Began as a Formicid Fighter on Dec 24, 2018.
             Was a Believer of Elyvilon.
             Slain by a six-headed hydra (7 damage)
             ... on level 1 of the Lair of Beasts.
             The game lasted 00:15:53 (11182 turns).

EnegeticOcto the Cruncher (Formicid Fighter)       Turns: 11182, Time: 00:15:54

Health: -1/92      AC:  9    Str: 20    XL:     11   Next: 69%
Magic:  0/23       EV:  4    Int: 12    God:    Elyvilon [**....]
Gold:   613        SH: 16    Dex: 10    Spells: 10/10 levels left

rFire    + . .     SeeInvis +   a - +2 quarterstaff (crush)
rCold    . . .     Gourm    .   p - +1 large shield
rNeg     . . .     Faith    .   x - +0 chain mail {rF+}
rPois    .         Spirit   +   (helmet unavailable)
rElec    .         Reflect  .   m - scarf {Spirit}
rCorr    .         Harm     .   (no gloves)
MR       +....                  (no boots)
Stlth    ..........             (no amulet)
HPRegen  0.25/turn              A - ring of magical power
MPRegen  0.18/turn              G - ring of wizardry

@: no status effects
A: permanent stasis, dig shafts and tunnels, four strong arms, antennae 3
a: Dig, Shaft Self, Lesser Healing, Heal Other, Divine Protection, Renounce
Religion


You were on level 1 of the Lair of Beasts.
You worshipped Elyvilon.
Elyvilon was pleased with you.
You were not hungry.

You visited 3 branches of the dungeon, and saw 12 of its levels.

You collected 613 gold pieces.

Inventory:

Hand Weapons
 a - a +2 quarterstaff of crushing (weapon)
 b - a +1 lajatang of venom
Missiles
 n - a throwing net (quivered) {!f}
 s - 37 bolts
Armour
 m - a scarf of spirit shield (worn)
 p - a +1 large shield (worn)
 x - a +0 chain mail of fire resistance (worn)
Jewellery
 A - a ring of magical power (left hand)
 G - a ring of wizardry (right hand)
Wands
 c - a wand of polymorph (8)
 e - a wand of enslavement (5)
 g - a wand of flame (19)
 r - a wand of iceblast (4)
 v - a wand of paralysis (9)
Scrolls
 d - a scroll of enchant weapon
 i - 2 scrolls of immolation
 k - 5 scrolls of enchant armour
 l - 2 scrolls of fog
 u - 5 scrolls of remove curse {@r2}
 y - a scroll of magic mapping {@r5 !r}
 D - a scroll of noise {unknown}
Potions
 h - 2 potions of lignification
 j - a potion of mutation
 o - 3 potions of flight
 q - 2 potions of ambrosia
 w - a potion of might {@q3 !q}
 z - a potion of brilliance
 C - a potion of resistance
 F - a potion of haste {unknown}
 H - 3 potions of curing {@q1}
Comestibles
 f - 28 rations
 t - 4 chunks of flesh


   Skills:
 + Level 10.7 Fighting
 * Level 13.0 Staves
 + Level 5.2 Armour
 + Level 5.9 Shields
 + Level 4.3 Invocations


You had 10 spell levels left.
You didn't know any spells.
Your spell library contained the following spells:

 Spells                   Type           Power        Failure   Level  Hunger
 Animate Skeleton         Necr           N/A          100%        1    ##.....
 Apportation              Tloc           #.....       100%        1    ##.....
 Beastly Appendage        Tmut           #.....       100%        1    ##.....
 Confusing Touch          Hex            #.....       100%        1    ##.....
 Infusion                 Chrm           #...         100%        1    ##.....
 Sandblast                Erth           #.....       100%        1    ##.....
 Summon Small Mammal      Summ           #...         100%        1    ##.....
 Call Imp                 Summ           #.......     100%        2    ###....
 Passwall                 Tmut/Erth      #.......     100%        2    ###....
 Sticks to Snakes         Tmut           #.......     100%        2    ###....
 Call Canine Familiar     Summ           #.......     100%        3    ####...
 Spider Form              Tmut/Pois      #.........   100%        3    ####...
 Stone Arrow              Conj/Erth      #.....       100%        3    ####...
 Summon Guardian Golem    Hex/Summ       #.......     100%        3    ####...
 Ice Form                 Ice/Tmut       #.......     100%        4    #####..
 Petrify                  Tmut/Erth      #.......     100%        4    #####..
 Summon Ice Beast         Ice/Summ       #.......     100%        4    #####..
 Summon Lightning Spire   Summ/Air       #.......     100%        4    #####..
 Blade Hands              Tmut           #.........   100%        5    ######.
 Lee's Rapid Deconstruct  Erth           #.........   100%        5    ######.


Dungeon Overview and Level Annotations

Branches:
Dungeon (10/15)            Temple (1/1) D:6            Lair (1/6) D:10
    Orc: D:9-12

Altars:
Ashenzari
Cheibriados
Dithmenos
Elyvilon
Fedhas
Gozag
Hepliaklqana
Kikubaaqudgha
Makhleb
Nemelex Xobeh
Okawaru
Qazlal
Ru
Sif Muna
Trog
Uskayaw
Vehumet
Wu Jian
Xom
Yredelemnul
Zin
The Shining One
Lugonu

Annotations:
D:9 2 transporters


Innate Abilities, Weirdness & Mutations

You cannot be hasted, slowed, berserked, paralysed or teleported.
You can dig through walls and to a lower floor.
Your four strong arms can wield two-handed weapons with a shield.
You have a pair of large antennae on your head. (SInv)


Message History

You block the six-headed hydra's attack.
The six-headed hydra bites you.
You sock the six-headed hydra!
The six-headed hydra is severely wounded.
You block the six-headed hydra's attack. x2
The six-headed hydra bites you!
* * * LOW HITPOINT WARNING * * *
The six-headed hydra bites you.
* * * LOW HITPOINT WARNING * * *
The six-headed hydra bites you but does no damage.
You block the six-headed hydra's attack.
You hit the six-headed hydra.
The six-headed hydra is severely wounded.
The six-headed hydra bites you!
* * * LOW HITPOINT WARNING * * *
The six-headed hydra bites you but does no damage.
You block the six-headed hydra's attack.
The six-headed hydra bites you but does no damage.
The six-headed hydra bites you!
You die...

##.####(#+..P## #.#..#
.............P##
.......)......P#
..............##
........[>.....# .
..............### P..
..............'.##
#....
................P#...#
#######P#######.@D.#
### ##P#...... ###
#####


You could see a six-headed hydra.

Vanquished Creatures
  A two-headed ogre (D:10)
  Sonja (Lair:1)
  Psyche (D:8)
  A komodo dragon (D:10)
  2 hippogriffs
  Sigmund (D:2)
  8 yaks
  Eustachio (D:6)
  A wyvern (D:8)
  3 steam dragons (D:8)
  6 water moccasins
  An acid dragon (D:6)
  2 porcupines (Lair:1)
  2 orc warriors (D:8)
  An ice beast (D:8)
  A sky beast (D:7)
  4 ogres
  6 wolves (Lair:1)
  5 centaurs
  A crocodile (Lair:1)
  A big kobold (D:7)
  4 bullfrogs
  A water moccasin skeleton (D:7)
  A wyvern skeleton (D:6)
  6 wights
  7 howler monkeys
  3 centaur zombies
  2 crimson imps (D:7)
  A bullfrog zombie (D:5)
  2 jellies
  10 hounds
  2 bullfrog skeletons
  A gnoll shaman (D:7)
  2 orc priests
  5 iguanas
  8 orc wizards
  Natasha (thrice) (D:3)
  7 worker ants
  Robin (D:3)
  4 gnolls (D:7)
  A howler monkey skeleton (D:6)
  8 adders
  4 river rats (D:4)
  3 shadow imps
  An ooze (D:5)
  4 adder skeletons
  2 worms (D:2)
  2 dart slugs (D:3)
  8 leopard geckos
  27 orcs
  A ball python (D:4)
  3 bats
  6 giant cockroaches
  11 goblins
  13 hobgoblins
  8 jackals
  4 quokkas
  9 frilled lizards
  12 kobolds
  A leopard gecko zombie (D:7)
  A quokka zombie (D:7)
  21 rats
270 creatures vanquished.

Vanquished Creatures (others)
  A plant (D:10)
1 creature vanquished.

Grand Total: 271 creatures vanquished

Notes
Turn   | Place    | Note
-------+----------+-------------------------------------------
     0 | D:1      | EnegeticOcto the Formicid Fighter began the quest for the
                  | Orb.
     0 | D:1      | Reached XP level 1. HP: 18/18 MP: 1/1
   262 | D:1      | Reached XP level 2. HP: 24/24 MP: 2/2
   892 | D:2      | Reached XP level 3. HP: 29/30 MP: 3/3
   933 | D:2      | Reached skill level 3 in Staves
  1030 | D:2      | Found an ornate altar of the Wu Jian Council.
  1362 | D:2      | Noticed Sigmund
  1370 | D:2      | You fall through a shaft!
  1432 | D:3      | Noticed Natasha
  1444 | D:3      | Reached XP level 4. HP: 32/37 MP: 4/4
  1458 | D:3      | Killed Natasha
  1737 | D:3      | Reached skill level 4 in Staves
  1737 | D:3      | Reached XP level 5. HP: 32/42 MP: 5/5
  1790 | D:3      | Noticed Natasha
  1800 | D:3      | Killed Natasha
  2125 | D:3      | Noticed Robin
  2137 | D:3      | Killed Robin
  2147 | D:3      | Reached XP level 6. HP: 30/49 MP: 6/6
  2372 | D:3      | Noticed Natasha
  2387 | D:3      | Killed Natasha
  2387 | D:3      | Reached skill level 5 in Staves
  2538 | D:3      | Reached skill level 5 in Fighting
  3106 | D:2      | Killed Sigmund
  3106 | D:2      | Reached skill level 6 in Staves
  3106 | D:2      | Reached XP level 7. HP: 41/56 MP: 7/7
  3837 | D:4      | Got a warped whip
  3840 | D:4      | Identified the +6 whip of Innocence {drain, rC+} (You found
                  | it on level 4 of the Dungeon)
  3962 | D:4      | Found a glowing silver altar of Zin.
  4068 | D:5      | Entered Level 5 of the Dungeon
  4162 | D:5      | Reached skill level 7 in Staves
  4162 | D:5      | Reached XP level 8. HP: 45/64 MP: 8/8
  4672 | D:5      | Found a shadowy altar of Dithmenos.
  4726 | D:5      | Found an iron altar of Okawaru.
  4866 | D:5      | Reached skill level 8 in Staves
  5451 | D:6      | Found a staircase to the Ecumenical Temple.
  5456 | D:6      | Noticed Eustachio
  5494 | D:6      | Killed Eustachio
  5494 | D:6      | Reached XP level 9. HP: 42/72 MP: 9/9
  5497 | Temple   | Entered the Ecumenical Temple
  5500 | Temple   | Reached skill level 9 in Staves
  5698 | Temple   | Became a worshipper of the Shining One
  5738 | D:6      | Found a stormy altar of Qazlal.
  5802 | D:6      | HP: 3/73 [howler monkey skeleton (1)]
  6268 | D:6      | Found a sparkling altar of Nemelex Xobeh.
  6568 | D:7      | Reached * piety under the Shining One
  6579 | D:7      | Reached skill level 10 in Staves
  6918 | D:7      | Identified a scroll of acquirement
  6980 | D:7      | Reached XP level 10. HP: 55/82 MP: 10/10
  7481 | D:8      | Found an opulent altar of Gozag.
  7509 | D:8      | Reached skill level 11 in Staves
  7586 | D:8      | Found a basalt altar of Yredelemnul.
  7598 | D:8      | Noticed Psyche
  7607 | D:8      | Killed Psyche
  7676 | D:8      | Found an ornate altar of the Wu Jian Council.
  7912 | D:8      | Reached ** piety under the Shining One
  8264 | D:8      | Reached skill level 12 in Staves
  8331 | D:9      | Found a blossoming altar of Fedhas.
  8347 | D:9      | Reached skill level 10 in Fighting
  8364 | D:9      | Found a shattered altar of Ashenzari.
  8413 | D:9      | Found a bloodstained altar of Trog.
  8426 | D:9      | Found a white marble altar of Elyvilon.
  8439 | D:9      | Fell from the grace of the Shining One
  8439 | D:9      | Became a worshipper of Elyvilon the Healer
  8439 | D:9      | Reached * piety under Elyvilon
  8502 | D:9      | Found an ancient bone altar of Kikubaaqudgha.
  8502 | D:9      | Found a deep blue altar of Sif Muna.
  8504 | D:9      | Found a radiant altar of Vehumet.
  8508 | D:9      | Identified Sif Muna's Collected Works on Augmentations
  8581 | D:9      | Reached skill level 1 in Invocations
  8709 | D:9      | Found a shadowy altar of Dithmenos.
  8871 | D:9      | Found a transporter.
  9167 | D:9      | Found a transporter.
  9192 | D:9      | Found a burning altar of Makhleb.
  9260 | D:10     | Entered Level 10 of the Dungeon
  9291 | D:10     | Noticed a two-headed ogre
  9317 | D:10     | Killed a two-headed ogre
  9317 | D:10     | Reached XP level 11. HP: 79/91 MP: 12/12
  9399 | D:10     | Found a staircase to the Lair.
  9472 | D:10     | Reached ** piety under Elyvilon
  9629 | D:10     | Reached skill level 5 in Shields
 10335 | Lair:1   | Entered Level 1 of the Lair of Beasts
 10850 | Lair:1   | Reached skill level 5 in Armour
 10974 | Lair:1   | Noticed Sonja
 10998 | Lair:1   | Reached skill level 13 in Staves
 11010 | Lair:1   | Killed Sonja
 11170 | Lair:1   | Noticed a six-headed hydra
 11182 | Lair:1   | Slain by a six-headed hydra

Vault maps used:
D:1:      tarquinn_simple_flora_water_e
D:2:      nicolae_overflow_crystal_walls, first_ration, uniq_sigmund
D:3:      uniq_natasha, uniq_robin
D:4:      zin_scriptorium, dk_rats_in_the_wall
D:5:      old_standard_altar, overflow_temple_1_default, serial_bayou_pond_e
D:6:      nemelex_altar_shiori, nicolae_qazlal_style_of_elements,
          minmay_temple_entry_stoned_glass, minmay_joined_circles,
          uniq_eustachio
D:8:      cheibrodos_steamvent, kennysheep_little_box, old_standard_altar,
          basic_altar, uniq_psyche
D:9:      gammafunk_cloud_chamber, grunt_temple_overflow_magic_moments,
          bloody_trog, fedhas_ov_isle_minmay, makhleb_heckhound_becter,
          elyvilon_altar_5, hangedman_feature_mirror
D:10:     david_lair_shrubbed
Temple:   corrupted_temple
Lair:1:   lemuel_fruit_tree, uniq_sonja

Skill      XL: |  1  2  3  4  5  6  7  8  9 10 11 |
---------------+----------------------------------+-----
Staves         | 3 4 6 7 8 10 12 13 | 13.0
Fighting       | 4 5 6 7 8 10 | 10.7
Invocations    | 2 4 |  4.3
Shields        | 4 5 |  5.9
Armour         | 4 5 |  5.2

Action                   |  1- 3 |  4- 6 |  7- 9 | 10-12 || total
-------------------------+-------+-------+-------+-------++-------
Melee: Quarterstaff      |    87 |   178 |   193 |     8 ||   466
       Unarmed           |       |     9 |       |       ||     9
       Whip              |       |       |   165 |       ||   165
       Lajatang          |       |       |    17 |   294 ||   311
Invok: Lesser Healing    |       |       |       |     2 ||     2
 Abil: Shaft Self        |     1 |       |       |       ||     1
       Dig               |       |       |     5 |     4 ||     9
Evoke: Wand              |       |       |     3 |     3 ||     6
  Use: Potion            |       |     3 |     2 |     1 ||     6
       Scroll            |       |       |    16 |     4 ||    20
 Stab: Paralysed         |       |       |       |     2 ||     2
  Eat: Chunk             |     1 |     7 |    13 |    14 ||    35
Armor: Scale mail        |    36 |    45 |   101 |       ||   182
       Chain mail        |       |       |     3 |   102 ||   105
Dodge: Dodged            |    26 |    22 |    75 |    23 ||   146
Block: Shield            |    42 |       |       |       ||    42
       Large shield      |    15 |   115 |   295 |   215 ||   640

Table legend:
 A = Non-vault XP
 B = Vault XP
 C = Vault XP percentage of total XP
 D = Non-vault monster count
 E = Vault monster count
 F = Vault count percentage of total count
                 A         B        C        D         E       F
            +---------+---------+-------+---------+---------+-------
      Total |    9583 |    3553 |  27.0 |     214 |      56 |  20.7
            +---------+---------+-------+---------+---------+-------
        D:1 |      19 |       0 |   0.0 |      12 |       0 |   0.0
        D:2 |      55 |     238 |  81.2 |      14 |       1 |   6.7
        D:3 |     306 |      69 |  18.4 |      39 |      12 |  23.5
        D:4 |     149 |      70 |  32.0 |      10 |      21 |  67.7
        D:5 |     723 |       0 |   0.0 |      23 |       0 |   0.0
        D:6 |     248 |     745 |  75.0 |       4 |      12 |  75.0
        D:7 |    1386 |       0 |   0.0 |      39 |       0 |   0.0
        D:8 |    1303 |     961 |  42.4 |      31 |       4 |  11.4
        D:9 |     855 |     233 |  21.4 |      15 |       3 |  16.7
       D:10 |    2097 |     361 |  14.7 |      10 |       1 |   9.1
     Temple |       0 |      88 | 100.0 |       0 |       1 | 100.0
     Lair:1 |    2442 |     788 |  24.4 |      17 |       1 |   5.6
            +---------+---------+-------+---------+---------+-------
